AoeStats
← Michal Petr

Arena

509681305Analyzed
2v2 RM · 6d ago on Sep 27, 2026· 48m 19s· 4 players
Game mode
Random Map
Map size
Medium (4 player)
Population
200
Speed
Normal
Resources
Standard
Victory
Conquest
Starting age
Dark Age
Ending age
Imperial Age
RankedLock teamsTeams togetherTeam positionsShared explorationLock speedFull tech treeHidden civsTurbo modeCheats
Victory
Defeat
🇨🇿 Burgundians · Czechia
979
+16
🇨🇿 Khmer · Czechia
978
+17
🇧🇷 Romans · Brazil
998
-17
🇧🇷 Magyars · Brazil
987
-16
Adam Vlček
7:53 Double-Bit Axe
7:49 Horse Collar
9:06 Loom
11:10 Feudal Age
10:47 Gold Mining
16:57 Castle Age
16:00 Stone Mining
17:47 Scale Barding Armor
17:54 Forging
20:28 Wheelbarrow
20:59 Chain Barding Armor
31:07 Iron Casting
34:56 Imperial Age
32:40 Town Watch
33:12 Hand Cart
35:48 Padded Archer Armor
35:17 Elite Coustillier
37:53 Chemistry
37:37 Leather Archer Armor
38:22 Conscription
40:35 Murder Holes
40:51 Masonry
41:29 Hoardings
42:54 Plate Barding Armor
44:32 Blast Furnace
44:35 Architecture
44:11 Town Patrol
44:40 Burgundian Vineyards
45:38 Gold Shaft Mining
45:40 Stone Shaft Mining
Michal Petr
10:32 Feudal Age
8:47 Loom
13:51 Castle Age
11:52 Double-Bit Axe
14:36 Wheelbarrow
15:19 Gold Mining
16:09 Bow Saw
17:02 Loom
18:21 Horse Collar
21:57 Scale Barding Armor
24:25 Hand Cart
23:55 Town Watch
27:25 Bloodlines
28:36 Heavy Plow
31:09 Stone Mining
36:50 Imperial Age
36:43 Chain Barding Armor
36:33 Forging
36:51 Ballistics
37:07 Elite Battle Elephant
37:48 Husbandry
38:25 Plate Barding Armor
38:30 Gold Shaft Mining
38:43 Caravan
38:39 Heavy Scorpion
39:57 Iron Casting
40:08 Tusk Swords
40:33 Conscription
39:48 Sappers
40:11 Fletching
40:29 Siege Engineers
40:41 Fortified Wall
43:18 Blast Furnace
45:16 Light Cavalry
Bruno
7:52 Loom
9:52 Feudal Age
10:40 Double-Bit Axe
10:36 Horse Collar
18:25 Castle Age
16:13 Man-at-Arms
17:21 Gold Mining
17:22 Stone Mining
18:18 Forging
19:16 Bow Saw
20:09 Scale Mail Armor
21:07 Chain Mail Armor
20:15 Elite Skirmisher
21:30 Heavy Plow
22:10 Pikeman
25:50 Squires
25:11 Long Swordsman
27:20 Gold Shaft Mining
27:48 Iron Casting
35:10 Masonry
34:55 Murder Holes
35:54 Ballistics
38:22 Imperial Age
37:53 Wheelbarrow
37:23 Town Watch
38:07 Fletching
38:18 Padded Archer Armor
38:34 Caravan
39:31 Conscription
38:32 Elite Centurion
39:35 Comitatenses
40:01 Architecture
40:38 Blast Furnace
39:35 Bodkin Arrow
39:56 Leather Archer Armor
40:27 Hand Cart
40:15 Town Patrol
40:18 Legionary
41:17 Scale Barding Armor
42:00 Crop Rotation
43:02 Chemistry
44:13 Heavy Scorpion
NiicKeD
10:29 Feudal Age
9:45 Loom
14:44 Castle Age
13:31 Double-Bit Axe
14:35 Horse Collar
28:25 Scale Mail Armor
29:43 Husbandry
29:57 Heavy Plow
34:11 Wheelbarrow
39:33 Imperial Age
37:00 Gold Mining
38:31 Bloodlines
38:28 Scale Barding Armor
38:31 Town Watch
39:03 Hand Cart
40:29 Stone Mining
40:52 Corvinian Army
41:13 Conscription
41:14 Bow Saw
41:39 Chain Barding Armor
43:17 Plate Barding Armor
45:25 Gold Shaft Mining
45:54 Two-Man Saw
45:26 Crop Rotation
45:22 Pikeman
46:29 Elite Magyar Huszar
Connection lost

Rejoining the realm…

Still unreachable

The connection could not be restored.

Session expired

The server has moved on; the page needs a fresh start.